 Dungeon Crawl Stone Soup version 0.30-a0-358-g0d69a1922f (webtiles) character file.

Game seed: 9370819332083969227

445 qeuew the Ducker (level 7, -6/53 HPs)
             Began as a Merfolk Gladiator on Nov 9, 2022.
             Mangled by Edmund
             ... wielding a +0 flail of protection
              (9 damage)
             ... on level 5 of the Dungeon.
             The game lasted 00:04:57 (3589 turns).

qeuew the Ducker (Merfolk Gladiator)                Turns: 3589, Time: 00:04:58

Health: -6/53      AC:  5    Str: 22    XL:     7   Next: 3%
Magic:  7/7        EV: 13    Int:  8    God:
Gold:   319        SH:  0    Dex: 15    Spells: 6/6 levels left

rFire   . . .      SeeInvis .    a - +0 trident
rCold   . . .      Faith    .    (no shield)
rNeg    . . .      Spirit   .    j - +0 ring mail
rPois   .          Reflect  .    (helmet restricted)
rElec   .          Harm     .    (no cloak)
rCorr   .          Rampage  .    (no gloves)
Will    .....                    (no boots)
Stlth   +.........               (no amulet)
HPRegen 0.28/turn                i - +6 ring of strength
MPRegen 0.10/turn                (no ring)

@: mighty, unable to drink
A: (nimble swimmer 2), mertail, antennae 1, inability to drink after injury 1
a: no special abilities


You were on level 5 of the Dungeon.
You visited 1 branch of the dungeon, and saw 5 of its levels.

You collected 319 gold pieces.

Inventory:

Hand Weapons
 a - a +0 trident (weapon)
Missiles
 d - 5 throwing nets (quivered)
 e - a javelin
 h - 2 silver javelins
Armour
 c - a +0 helmet
 j - a +0 ring mail (worn)
Jewellery
 i - a +6 ring of strength (left hand)
Scrolls
 f - a scroll of blinking
 g - a scroll of identify
 n - a scroll of teleportation
 o - 2 scrolls of butterflies
Potions
 b - 2 potions of brilliance
 l - a potion of lignification {unknown}


   Skills:
 + Level 3.9 Fighting
 + Level 5.7 Polearms
 + Level 3.6 Throwing
 + Level 2.1 Armour
 + Level 5.8 Dodging


You had 6 spell levels left.
You didn't know any spells.
Your spell library contained the following spells:

 Spells                   Type           Power      Damage    Failure   Level
 Ensorcelled Hibernation  Hex/Ice        0%         N/A       71%         2
 Spider Form              Tmut/Pois      0%         N/A       91%         3
 Tukima's Dance           Hex            0%         N/A       91%         3
 Anguish                  Hex/Necr       0%         N/A       100%        4
 Passage of Golubria      Tloc           0%         N/A       100%        4
 Yara's Violent Unravell  Hex/Tmut       0%         3d3       100%        5


Dungeon Overview and Level Annotations

Branches:
Dungeon (5/15)
 Temple: D:4-7

Altars:
Makhleb
The Shining One

Shops:
D:2 [

Annotations:
D:5 Edmund


Innate Abilities, Weirdness & Mutations

((You are very nimble when in or above water. (Stealth+, EV+, Speed+++)))
Your lower body shifts to a powerful aquatic tail in water.
You have a pair of small antennae on your head.
You occasionally lose the ability to drink potions when taking damage.


Message History

Edmund hits you with a +0 flail of protection!
Edmund hits you with a +0 flail of protection.
You are too injured to fight recklessly!
You are too injured to fight recklessly!
You are too injured to fight recklessly!
You are too injured to fight recklessly!
You are too injured to fight recklessly!
You are too injured to fight recklessly!
You are too injured to fight recklessly!
You are too injured to fight recklessly!
You are too injured to fight recklessly!
You are too injured to fight recklessly!
You feel very mighty all of a sudden.
Edmund hits you with a +0 flail of protection.
You barely miss Edmund.
Edmund is lightly wounded.
Edmund hits you with a +0 flail of protection.
Edmund hits you with a +0 flail of protection!
You feel threatened and lose the ability to drink potions!
* * * LOW HITPOINT WARNING * * *
You hit Edmund but do no damage.
Edmund is lightly wounded.
You can drink potions again.
Edmund hits you with a +0 flail of protection.
* * * LOW HITPOINT WARNING * * *
You hit Edmund but do no damage.
Edmund is lightly wounded.
Edmund misses you. Edmund completely misses you.
You hit Edmund.
Edmund is moderately wounded.
Edmund says, "People think my brother is the best.
I think he's crazy."
Edmund hits you but does no damage.
Okay, then.
You barely miss Edmund.
Edmund is moderately wounded.
Edmund hits you with a +0 flail of protection.
* * * LOW HITPOINT WARNING * * *
Edmund hits you with a +0 flail of protection!
You feel threatened and lose the ability to drink potions!
You die...

................
.#..................#
....................#
....................#
..............#.....#
....##........#.....#
######........#.....###.
##........##@.......
#...........@....## ..
#................... ..
#................... ..#
#................### ..#
#.............)..+ ###
#................#
#................#
#................#
#................#


You could see Edmund (fast).

Vanquished Creatures
  An ogre (D:5)
  A centaur (D:5)
  An iguana (D:5)
  2 orc wizards
  3 gnolls (D:5)
  5 adders
  A white imp (D:5)
  2 worms
  A dart slug (D:3)
  13 orcs
  9 endoplasms
  4 giant cockroaches
  7 goblins
  2 hobgoblins (D:1)
  21 jackals
  4 quokkas
  6 ball pythons
  4 bats
  A frilled lizard (D:1)
  8 kobolds
  8 rats
104 creatures vanquished.

Notes
Turn   | Place    | Note
-------+----------+-------------------------------------------
     0 | D:1      | qeuew the Merfolk Gladiator began the quest for the Orb.
     0 | D:1      | Reached XP level 1. HP: 16/16 MP: 1/1
   130 | D:1      | Reached XP level 2. HP: 23/23 MP: 2/2
   433 | D:1      | Reached XP level 3. HP: 28/28 MP: 3/3
  1015 | D:2      | Found Dydysoze's Armour Shoppe.
  1298 | D:2      | Found a glowing golden altar of the Shining One.
  1424 | D:3      | Found a burning altar of Makhleb.
  1498 | D:3      | Reached skill level 1 in Armour
  1498 | D:3      | Reached XP level 4. HP: 24/34 MP: 4/4
  1707 | D:3      | Reached XP level 5. HP: 41/41 MP: 5/5
  1816 | D:3      | Reached skill level 5 in Dodging
  2153 | D:3      | Gained mutation: You occasionally lose the ability to drink
                  | potions when taking damage. [potion of mutation]
  2153 | D:3      | Gained mutation: You have a pair of small antennae on your
                  | head. [potion of mutation]
  2504 | D:4      | Reached skill level 5 in Polearms
  3031 | D:5      | Entered Level 5 of the Dungeon
  3150 | D:5      | Reached XP level 6. HP: 47/47 MP: 6/6
  3413 | D:5      | Reached XP level 7. HP: 18/53 MP: 7/7
  3577 | D:5      | Noticed Edmund
  3589 | D:5      | Mangled by Edmund

Illustrated notes

Levels and vault maps discovered:
D:1:      amcnicky_arrival_flooded_fountain, layout_basic
D:2:      layout_loops_ring, basic_altar, serial_shops, nicolae_shop_statue_plus
D:3:      layout_rooms, bloody_makhleb
D:4:      layout_basic
D:5:      layout_basic, uniq_ijyb, uniq_crazy_yiuf_cottage, uniq_edmund

Skill      XL: |  1  2  3  4  5  6 |
---------------+-------------------+-----
Armour         | 1 2 |  2.1
Fighting       | 3 |  3.9
Dodging        | 5 |  5.8
Polearms       | 5 |  5.7
Throwing       | 3 |  3.6

Action                   |  1- 3 |  4- 6 |  7- 9 || total
-------------------------+-------+-------+-------++-------
Melee: Trident           |   140 |   222 |    11 ||   373
       Punch             |     1 |     1 |       ||     2
  Use: Scroll            |     9 |       |       ||     9
       Potion            |       |     4 |     1 ||     5
Armor: Leather armour    |     8 |       |       ||     8
       Ring mail         |    35 |    64 |     1 ||   100
Dodge: Dodged            |    90 |   124 |     4 ||   218

Table legend: (Time is in decaauts)
 A = Elapsed time spent in this place.
 B = Non-inter-level travel time spent in this place.
 C = Inter-level travel time spent in this place.
 D = Time resting spent in this place.
 E = Time spent auto-exploring this place.
 F = Levels seen in this place.
 G = Mean time per level.
                   A        B        C        D        E       F      G
               +--------+--------+--------+--------+--------+-----+--------+
         Total |   3609 |   3487 |    122 |      0 |   2827 |   5 |  721.8 |
       Dungeon |   3609 |   3487 |    122 |      0 |   2827 |   5 |  721.8 |
               +--------+--------+--------+--------+--------+-----+--------+

Top non-repeatable levels by time:
     D:4: 842 daAuts
     D:3: 774 daAuts
     D:1: 720 daAuts
     D:2: 713 daAuts
     D:5: 559 daAuts
